 Dungeon Crawl Stone Soup version 0.27-a0-1312-g5cdb2b3542 (webtiles) character file.

Game seed: 3312868563994430362

2380 dolemite99 the Basher (level 9, 0/74 HPs)
             Began as a Deep Dwarf Fighter on June 20, 2021.
             Was a Follower of Makhleb.
             Slain by a troll (8 damage)
             ... on level 7 of the Dungeon.
             The game lasted 00:09:31 (5869 turns).

dolemite99 the Basher (Deep Dwarf Fighter)          Turns: 5869, Time: 00:09:32

Health: 0/74       AC:  5    Str: 24    XL:     9   Next: 22%
Magic:  6/6        EV:  8    Int:  8    God:    Makhleb [*.....]
Gold:   277        SH:  0    Dex: 12    Spells: 8/8 levels left

rFire    . . .     SeeInvis +   b - +12 mace of Miur {pain, *Corrode rElec rC++ rN+}
rCold    + + .     Faith    +   (no shield)
rNeg     + . .     Spirit   .   w - +0 chain mail
rPois    .         Reflect  .   (no helmet)
rElec    +         Harm     .   (no cloak)
rCorr    .         Rampage  .   (no gloves)
Will     +....                  (no boots)
Stlth    ..........             f - amulet of faith
HPRegen  0.00/turn              o - ring of see invisible
MPRegen  0.10/turn              (no ring)

@: corroded
A: damage resistance, heal wounds, sense surroundings 2, no regeneration
a: Heal Wounds, Renounce Religion


You were on level 7 of the Dungeon.
You worshipped Makhleb.
Makhleb was aware of your devotion.
You visited 2 branches of the dungeon, and saw 8 of its levels.

You collected 319 gold pieces.
You spent 42 gold pieces at shops.

Inventory:

Hand Weapons
 a - a +0 war axe
 b - the +12 mace of Miur (weapon) {pain, *Corrode rElec rC++ rN+}
   (You found it on level 4 of the Dungeon)

   In the hands of one skilled in necromantic magic, it inflicts extra damage on
   living creatures.
   It greatly protects you from cold.
   It insulates you from electricity.
   It protects you from negative energy.
   It may corrode you when you take damage.
 h - a +0 hunting sling
 q - a +1 dagger of holy wrath
 u - a +0 morningstar
 z - a +0 battleaxe of freezing
 G - a +1 whip of draining
Missiles
 g - 227 stones
 k - 52 sling bullets
 t - 35 arrows
 y - 6 boomerangs
 E - 2 curare-tipped darts
 L - a throwing net
Armour
 c - a +0 kite shield
 s - a +0 scale mail
 w - a +0 chain mail (worn)
Magical Staves
 n - a staff of death
Jewellery
 f - an amulet of faith (around neck)
 o - a ring of see invisible (left hand)
 r - a ring of ice
Wands
 B - a wand of acid (7)
 H - a wand of digging (6)
 J - a wand of iceblast (7)
Scrolls
 d - a scroll of teleportation {unknown}
 i - a scroll of fog {unknown}
 m - a scroll of fear
 v - a scroll of blinking {unknown}
 x - a scroll of acquirement {unknown}
 A - 3 scrolls of identify {unknown}
 C - a scroll of magic mapping {unknown}
 F - 3 scrolls of silence {unknown}
 I - a scroll of enchant armour {unknown}
 M - a scroll of immolation {unknown}
Potions
 e - 4 potions of curing {unknown}
 j - 3 potions of lignification {unknown}
 l - 2 potions of flight {unknown}
 p - 3 potions of invisibility {unknown}
 D - a potion of magic {unknown}
 K - a potion of resistance {unknown}


   Skills:
 - Level 2.6 Fighting
 - Level 4.3(8.0) Axes
 + Level 9.6(9.9) Maces & Flails
 - Level 3.2 Armour
 - Level 3.2 Shields
 + Level 9.0 Evocations


You had 8 spell levels left.
You didn't know any spells.
Your spell library contained the following spells:

 Spells                   Type           Power      Damage    Failure   Level
 Confusing Touch          Hex            0%         N/A       100%        3
 Gell's Gravitas          Tloc           0%         N/A       100%        3
 Petrify                  Tmut/Erth      0%         N/A       100%        4
 Metabolic Englaciation   Hex/Ice        0%         N/A       100%        5
 Yara's Violent Unravell  Hex/Tmut       0%         3d3       100%        5


Dungeon Overview and Level Annotations

Branches:
Dungeon (7/15)             Temple (1/1) D:5

Altars:
Ashenzari
Cheibriados
Dithmenos
Elyvilon
Fedhas
Gozag
Hepliaklqana
Kikubaaqudgha
Makhleb
Okawaru
Qazlal
Ru
Sif Muna
Trog
Uskayaw
Vehumet
Wu Jian
Xom
Yredelemnul
Zin
The Shining One

Shops:
D:2 ?   D:6 [   D:7 :


Innate Abilities, Weirdness & Mutations

You are resistant to damage.
You can heal yourself by infusing magical energy.
You passively map the area around you.
You do not regenerate.


Message History

The ogre hits you with a +0 giant spiked club!
You bludgeon the ogre!!
You kill the ogre!
Makhleb accepts your kill.
You closely miss the phantom. The phantom closely misses you.
You sock the phantom!
The phantom is heavily damaged.
You closely miss the phantom.
The phantom is heavily damaged.
The phantom hits you but does no damage.
You barely miss the phantom.
The phantom is heavily damaged.
The phantom hits you but does no damage.
You sock the phantom!
The phantom is almost destroyed.
The phantom hits you.
You sock the phantom!
You destroy the phantom!
Makhleb accepts your kill.
Your Evocations skill increases to level 9!
You see here a +0 giant spiked club.
A troll comes into view.
A gnoll comes into view.
It is wielding a +0 flail of holy wrath.
The gnoll shouts!
You hear a shout!
The troll bites you but does no damage. The troll closely misses you.
The troll claws you.
Your corrosive artefact corrodes you!
You barely miss the troll. The troll closely misses you. The troll claws you.
The troll completely misses you.
You sock the troll!
The troll is moderately wounded.
The troll bites you!
* * * LOW HITPOINT WARNING * * *
The troll closely misses you. The troll claws you!
* * * LOW HITPOINT WARNING * * *
You barely miss the troll.
The troll is moderately wounded.
The troll bites you!
* * * LOW HITPOINT WARNING * * *
The troll claws you!
You die...

, ,, .......* *
........#
,.........###
,...........# ##
##...........#### .#
#...............# .#
#.......$.......# .#
#..........@....##*
.#
#..........T......#
* .#
#...[........(.##..,
, .#
#..........g.##** .#
#..........## *,
.### #####.##...#
...# #.####.# *
...### #)# * .## *
,,
#....#######.###...#
,


You could see a troll and a gnoll.

Vanquished Creatures
  Duvessa (D:4)
  Edmund (D:5)
  2 water moccasins
  A black bear (D:4)
  A sky beast (D:5)
  A necrophage (D:5)
  An ogre (D:7)
  3 phantoms
  A bullfrog (D:5)
  3 scorpions
  Dowan (D:4)
  A water moccasin zombie (D:5)
  A wyvern skeleton (D:7)
  3 howler monkeys
  A centaur zombie (D:5)
  An orc priest (D:4)
  3 jellies
  3 hounds
  An iguana (D:5)
  3 centaur skeletons
  2 gnoll shamans
  Natasha (thrice) (D:4)
  2 orc wizards
  A hound skeleton (D:4)
  A howler monkey skeleton (D:6)
  13 gnolls
  7 adders
  An adder skeleton (D:4)
  A worm (D:2)
  3 dart slugs
  13 orcs
  5 endoplasms
  4 giant cockroaches
  11 goblins
  7 hobgoblins
  4 jackals
  6 quokkas
  4 ball pythons
  7 bats
  2 frilled lizards
  7 kobolds
  6 rats
143 creatures vanquished.

Notes
Turn   | Place    | Note
-------+----------+-------------------------------------------
     0 | D:1      | dolemite99 the Deep Dwarf Fighter began the quest for the
                  | Orb.
     0 | D:1      | Reached XP level 1. HP: 20/20 MP: 1/1
   293 | D:1      | Reached XP level 2. HP: 21/27 MP: 2/2
  1175 | D:2      | Reached XP level 3. HP: 20/33 MP: 3/3
  1331 | D:2      | Found Plog's Magic Scroll Shop.
  1339 | D:2      | Bought a scroll of fear for 42 gold pieces
  1720 | D:2      | Reached skill level 1 in Maces & Flails
  1934 | D:3      | Found a faded altar of an unknown god.
  1972 | D:3      | Reached XP level 4. HP: 11/40 MP: 4/4
  2527 | D:4      | Noticed a scorpion
  2528 | D:4      | Noticed Natasha
  2539 | D:4      | Killed a scorpion
  2540 | D:4      | Reached XP level 5. HP: 46/46 MP: 4/4
  2546 | D:4      | Killed Natasha
  2559 | D:4      | Noticed a phantom
  2566 | D:4      | Killed a phantom
  2567 | D:4      | Reached skill level 5 in Maces & Flails
  2567 | D:4      | Reached XP level 6. HP: 36/55 MP: 5/5
  2609 | D:4      | Noticed Natasha
  2619 | D:4      | Killed Natasha
  2751 | D:4      | Reached XP level 7. HP: 6/61 MP: 6/6
  2870 | D:4      | Noticed Natasha
  2879 | D:4      | Killed Natasha
  3014 | D:4      | Reached skill level 1 in Evocations
  3051 | D:4      | Identified the +12 mace of Miur {pain, *Corrode rElec rC++
                  | rN+}
  3281 | D:4      | Noticed Duvessa
  3281 | D:4      | Noticed Dowan
  3292 | D:4      | Killed Duvessa
  3301 | D:4      | Killed Dowan
  3430 | D:5      | Entered Level 5 of the Dungeon
  3573 | D:5      | Found a staircase to the Ecumenical Temple.
  3611 | D:5      | Reached XP level 8. HP: 8/68 MP: 7/7
  3625 | Temple   | Entered the Ecumenical Temple
  3695 | Temple   | Became a worshipper of Makhleb the Destroyer
  3758 | D:5      | HP: 3/68 [water moccasin zombie (5)]
  3767 | D:5      | Reached skill level 5 in Evocations
  3951 | D:5      | Noticed Edmund
  3973 | D:5      | Killed Edmund
  5283 | D:6      | Gained mutation: You passively map the area around you.
                  | [Deep Dwarf growth]
  5283 | D:6      | Reached XP level 9. HP: 38/74 MP: 7/7
  5334 | D:6      | Found Qoffyc's Armour Shop.
  5348 | D:6      | Reached * piety under Makhleb
  5821 | D:7      | Found Orecs's Book Emporium.
  5862 | D:7      | Noticed a troll
  5869 | D:7      | Slain by a troll

Illustrated notes

Levels and vault maps discovered:
D:1:      lightli_arrival_quake, layout_basic, st_stairs_14
D:2:      layout_loops_ring, serial_shops, nicolae_shop_statue_plus,
          minmay_fractal_squares_5
D:3:      layout_basic, ebering_ecumenical_altar_rust, minmay_surrounded
D:4:      layout_loops_cross, chequers_mini_garden, item_on_display_a,
          uniq_duvessa, uniq_natasha
D:5:      layout_loops_cross, minmay_temple_entry_poolview, serial_rivers,
          chequers_serial_rivers_room_b, chequers_serial_rivers_small_b,
          chequers_serial_rivers_micro_e, chequers_serial_rivers_micro_b,
          eino_tiny_chamber, uniq_edmund
D:6:      layout_rooms, serial_shops, shop
D:7:      layout_rooms, serial_shops, shop
Temple:   compressed_dpeg_circular_temple

Skill      XL: |  1  2  3  4  5  6  7  8  9 |
---------------+----------------------------+-----
Axes           | 3 4 |  4.3
Maces & Flails | 1 3 5 6 7 9 |  9.6
Evocations     | 4 8 9 |  9.0
Fighting       | |  2.6
Armour         | |  3.2
Shields        | |  3.2

Action                   |  1- 3 |  4- 6 |  7- 9 || total
-------------------------+-------+-------+-------++-------
Melee: War axe           |    97 |    18 |    12 ||   127
       Whip              |    31 |   116 |    18 ||   165
       Mace              |       |       |   170 ||   170
 Abil: Heal Wounds       |       |     3 |     9 ||    12
Evoke: Wand              |       |       |    19 ||    19
  Use: Potion            |       |     1 |       ||     1
       Scroll            |       |       |     1 ||     1
Armor: Scale mail        |    71 |    22 |       ||    93
       Chain mail        |       |    48 |   116 ||   164
Dodge: Dodged            |    60 |    66 |    99 ||   225
Block: Kite shield       |    60 |       |       ||    60

Table legend: (Time is in decaauts)
 A = Elapsed time spent in this place.
 B = Non-inter-level travel time spent in this place.
 C = Inter-level travel time spent in this place.
 D = Time resting spent in this place.
 E = Time spent auto-exploring this place.
 F = Levels seen in this place.
 G = Mean time per level.
                   A        B        C        D        E       F      G
               +--------+--------+--------+--------+--------+-----+--------+
         Total |   5907 |   5588 |    319 |    899 |   3195 |   8 |  738.4 |
       Dungeon |   5802 |   5517 |    285 |    899 |   3136 |   7 |  828.9 |
        Temple |    104 |     71 |     33 |      0 |     59 |   1 |  104.0 |
               +--------+--------+--------+--------+--------+-----+--------+

Top non-repeatable levels by time:
     D:5: 1613 daAuts
     D:1: 1197 daAuts
     D:4: 887 daAuts
     D:2: 808 daAuts
     D:6: 653 daAuts
     D:3: 565 daAuts
  Temple: 104 daAuts
     D:7: 76 daAuts
